 Adventure DCSS version bcrawl-1.21.2-20-g6d45ba5942 (webtiles) character file.

Game seed: 715551126783848810

67 galech the Skirmisher (level 4, 35/35 HPs)
             Began as a Demonspawn Fighter on Feb 25, 2020.
             Quit the game on level 2 of the Dungeon.
             The game lasted 00:01:10 (825 turns).

galech the Skirmisher (Demonspawn Fighter)           Turns: 825, Time: 00:01:10

Health: 35/35      AC:  8    Str: 16    XL:     4   Next: 0%
Magic:  4/4        EV:  7    Int:  9    God:
Gold:   83         SH:  9    Dex: 14    Spells: 3/3 levels left
                                        Lives:  2   Deaths: 0

rFire    + . .     SeeInvis .   a - +0 war axe
rCold    . . .     Gourm    .   c - +0 medium shield
rNeg     . . .     Faith    .   b - +0 scale mail
rPois    .         Spirit   .   (helmet restricted)
rElec    +         Reflect  .   (no cloak)
rCorr    .         Harm     .   (no gloves)
MR       .....                  (no boots)
Stlth    +.........             (no amulet)
HPRegen  0.11/turn              j - ring of insulation
MPRegen  0.09/turn              o - ring of protection from fire

@: no status effects
A: antennae 1, icy blue scales 1, nightstalker 1
a: no special abilities


You were on level 2 of the Dungeon.
You were not hungry.

You visited 1 branch of the dungeon, and saw 2 of its levels.

You collected 83 gold pieces.

Inventory:

Hand Weapons
 a - a +0 war axe (weapon)
Armour
 b - a +0 scale mail (worn)
 c - a +0 medium shield (worn)
Jewellery
 j - a ring of insulation (left hand)
 o - a ring of protection from fire (right hand)
Scrolls
 h - a scroll of remove curse {unknown}
 i - 2 scrolls of teleportation {unknown}
 l - a scroll of magic mapping {unknown}
Potions
 d - a potion of might
 f - a potion of flight {unknown}
 k - a potion of invisibility {unknown}
 m - 2 potions of curing {unknown}
 n - a potion of lignification {unknown}
 p - a potion of degeneration {unknown}
Comestibles
 e - a ration {!d}
 g - 10 chunks of flesh


   Skills:
 + Level 3.3 Fighting
 + Level 2.8 Axes
 + Level 3.1 Armour
 + Level 0.4 Dodging
 + Level 3.0 Shields


You had 3 spell levels left.
You didn't know any spells.
Your spell library was empty.

Dungeon Overview and Level Annotations

Branches:
Dungeon (2/12)

Altars:


Innate Abilities, Weirdness & Mutations

You have a pair of small antennae on your head.
You are partially covered in icy blue scales. (AC +2)
You are slightly more attuned to the shadows.


Message History

a +0 club; a frilled lizard corpse; a hobgoblin corpse You hit the goblin.
The goblin is moderately wounded.
The goblin hits you but does no damage.
You slash the goblin!
You kill the goblin!
You slash the goblin!
You kill the goblin!
You have reached level 4!
You feel agile.
Your demonic ancestry asserts itself...
You slip into the darkness of the dungeon.
Items here: )) †† a +0 club x2; a goblin corpse x2
Butcher a goblin corpse? [(y)es/(n)o/(a)ll/(q)uit/?]
Butcher a goblin corpse? [(y)es/(n)o/(a)ll/(q)uit/?]
You butcher the goblin corpse.
g - 10 chunks of flesh (gained 3)
Items here: )) ÷ † a +0 club x2; a goblin corpse; a goblin skeleton Are you sure you want to abandon this character and quit the game? (Confirm with "yes".)

#.. .. ...###.#
#...#... #.#....
#....#.# #......#
#@# #)# #†# #.#
#######.#
##########.......#
...........#######
##########.# #.#


There were no monsters in sight!

Vanquished Creatures
  Jessica (D:2)
  An ooze (D:1)
  A worm (D:2)
  2 leopard geckos
  An orc (D:2)
  2 ball pythons
  3 giant cockroaches
  4 hobgoblins
  A quokka (D:1)
  A bat (D:1)
  2 frilled lizards
  5 goblins
  A kobold (D:1)
  7 rats (D:1)
32 creatures vanquished.

Notes
Turn   | Place    | Note
-------+----------+-------------------------------------------
     0 | D:1      | galech the Demonspawn Fighter began the quest for the Orb.
     0 | D:1      | Reached XP level 1. HP: 18/18 MP: 1/1
   197 | D:1      | Gained mutation: You have a pair of small antennae on your
                  | head. [demonic ancestry]
   197 | D:1      | Reached XP level 2. HP: 23/24 MP: 2/2
   608 | D:2      | Noticed Jessica
   614 | D:2      | Killed Jessica
   614 | D:2      | Gained mutation: You are partially covered in icy blue
                  | scales. (AC +2) [demonic ancestry]
   614 | D:2      | Reached XP level 3. HP: 22/29 MP: 3/3
   821 | D:2      | Gained mutation: You are slightly more attuned to the
                  | shadows. [demonic ancestry]
   821 | D:2      | Reached XP level 4. HP: 35/35 MP: 4/4
   825 | D:2      | Quit the game

Skill      XL: |  1  2 |
---------------+-------+-----
Axes           | 2 |  2.8
Armour         | 3 |  3.1
Shields        | 3 |  3.0
Fighting       | |  3.3
Dodging        | |  0.4

Action                   |  1- 3 |  4- 6 || total
-------------------------+-------+-------++-------
Melee: War axe           |    85 |       ||    85
Armor: Scale mail        |    32 |       ||    32
Dodge: Dodged            |    21 |       ||    21
Block: Medium shield     |    49 |       ||    49
